AoeStats
← THL

Nomad

507982881Analyzed
4v4 RM · 12d ago on Sep 20, 2026· 26m 25s· 8 players
Game mode
Random Map
Map size
231×231
Population
200
Speed
Normal
Resources
Standard
Victory
Conquest
Starting age
Dark Age
Ending age
Imperial Age
RankedLock teamsTeams togetherTeam positionsShared explorationLock speedFull tech treeHidden civsTurbo modeCheats
Victory
Defeat
🇳🇱 Saracens · Netherlands
1728
+7
🇵🇱 Wei · Poland
1700
+8
🇮🇹 Berbers · Italy
1693
+8
🇵🇪 Vikings · Peru
1625
+10
🇻🇳 Dravidians · Vietnam
1594
-11
🇺🇸 Franks · United States
1541
-10
🇧🇷 Persians · Brazil
1441
-6
🇧🇷 Spanish · Brazil
1419
-6
Remo
5:01 Loom
12:50 Feudal Age
16:45 Castle Age
17:45 Medium Warships
20:37 Double-Bit Axe
21:29 Horse Collar
23:15 Fletching
25:17 Bodkin Arrow
P4tr1ckLML
4:47 Loom
14:22 Feudal Age
15:04 Double-Bit Axe
19:23 Castle Age
17:14 Gold Mining
18:27 Fletching
19:24 Scale Barding Armor
20:23 Medium Warships
20:22 Bodkin Arrow
22:58 Bow Saw
24:48 Chain Barding Armor
veni
8:16 Loom
11:22 Feudal Age
11:50 Double-Bit Axe
14:25 Fletching
14:39 Fishing Lines
20:11 Wheelbarrow
24:17 Castle Age
22:36 Gold Mining
25:10 Medium Warships
24:56 Bodkin Arrow
25:15 Bow Saw
26:07 Gold Shaft Mining
26:15 Careening
26:15 Clinker Construction
26:34 Ballistics
llllllllllllllll
11:40 Loom
13:49 Feudal Age
15:13 Town Watch
18:07 Castle Age
17:18 Double-Bit Axe
17:45 Gold Mining
19:42 Bow Saw
19:46 Fishing Lines
23:34 Horse Collar
Curly
13:04 Feudal Age
14:53 Double-Bit Axe
18:43 Castle Age
17:15 Gold Mining
20:10 Bow Saw
23:35 Scale Barding Armor
25:12 Forging
26:04 Wheelbarrow
SS_Caborja
4:25 Loom
12:17 Feudal Age
17:32 Castle Age
22:13 Double-Bit Axe
THL
4:42 Loom
14:05 Feudal Age
14:47 Double-Bit Axe
15:53 Gold Mining
22:54 Castle Age
21:18 Fletching
23:54 Medium Warships
23:43 Bodkin Arrow
24:00 Bow Saw
SS_Tiozão
3:20 Loom
13:18 Feudal Age
13:47 Double-Bit Axe
17:26 Fletching
22:02 Castle Age
21:29 Stone Mining
Connection lost

Rejoining the realm…

Still unreachable

The connection could not be restored.

Session expired

The server has moved on; the page needs a fresh start.